MLB
BOSTON RED SOX @ NEW YORK METS
04/10/2099
 
TOP OF THE 1ST
Boston Red Sox batting - Pitching for New York Mets : RHP Brian Craig
Pitching: RHP Brian Craig
Batting: LHB Chris Kautz 0-0: Called Strike
0-1: Ball
1-1: Foul Ball, location: 3F
1-2: SINGLE (Groundball, 34D, EV 106.9 MPH)
Batting: LHB Michael Lindstrom 0-0: Ball
1-0: Ball
2-0: SINGLE (Groundball, 34D, EV 101.9 MPH)
Chris Kautz to second
Batting: SHB Alex Salazar 0-0: Foul Ball, location: 3DF
0-1: Ball
1-1: Fly out, F7 (Flyball, 7D, EV 97.5 MPH)
Batting: RHB Joe Fowler 0-0: Ball
1-0: Swinging Strike
1-1: Hit by Pitch
Chris Kautz to third
Michael Lindstrom to second
Batting: SHB Tyler Den Hartog 0-0: Swinging Strike
0-1: Called Strike
0-2: Strikes out swinging
Batting: LHB Sergio Mejia 0-0: Called Strike
0-1: Called Strike
0-2: Ground out U3 (Groundball, 3L, EV 85.6 MPH)
Top of the 1st over - 0 runs, 2 hits, 0 errors, 3 left on base; Boston 0 - New York 0
BOTTOM OF THE 1ST
New York Mets batting - Pitching for Boston Red Sox : LHP Joe Carver
Pitching: LHP Joe Carver
Batting: RHB Jose de la Rosa 0-0: Ball
1-0: Foul Ball, location: 2F
1-1: Ball
2-1: Ground out 5-3 (Groundball, 5L, EV 88.8 MPH)
Batting: LHB Omar Gomez 0-0: Ball
1-0: Ball
2-0: Called Strike
2-1: Called Strike
2-2: Strikes out swinging
Batting: RHB Jeff Hestermann 0-0: Foul Ball, location: 9LSF
0-1: Foul Ball, location: 2LF
0-2: Ball
1-2: Strikes out looking
Bottom of the 1st over - 0 runs, 0 hits, 0 errors, 0 left on base; Boston 0 - New York 0
TOP OF THE 2ND
Boston Red Sox batting - Pitching for New York Mets : RHP Brian Craig
Batting: RHB Ed Pollock 0-0: Foul Ball, location: 7LMFF
0-1: Ball
1-1: Called Strike
1-2: Ball
2-2: Ball
3-2: Base on Balls
Batting: RHB Chris Rodriguez 0-0: Ball
1-0: Bunted foul
1-1: Sac Bunt to 15 - play at first, batter OUT! 1-3
Ed Pollock to second
Batting: RHB Nate Campbell 0-0: Ball
1-0: Ground out 1-3 (Groundball, 15S, EV 63.8 MPH)
Ed Pollock to third
Batting: LHB Chris Kautz 0-0: Called Strike
0-1: Ground out 2-3 (Groundball, 2L, EV 73.1 MPH)
Top of the 2nd over - 0 runs, 0 hits, 0 errors, 1 left on base; Boston 0 - New York 0
BOTTOM OF THE 2ND
New York Mets batting - Pitching for Boston Red Sox : LHP Joe Carver
Batting: LHB Bill Hayden 0-0: Ball
1-0: Ball
2-0: Called Strike
2-1: Ground out U3 (Groundball, 34, EV 83.8 MPH)
Batting: RHB Ryan Taylor 0-0: Foul Ball, location: 2F
0-1: Fly out, F9 (Flyball, 89M, EV 88.8 MPH)
Batting: RHB Mitsuro Kishi 0-0: Ball
1-0: Foul Ball, location: 2RF
1-1: Foul Ball, location: 9LSF
1-2: Ball
2-2: Strikes out swinging
Bottom of the 2nd over - 0 runs, 0 hits, 0 errors, 0 left on base; Boston 0 - New York 0
TOP OF THE 3RD
Boston Red Sox batting - Pitching for New York Mets : RHP Brian Craig
Batting: LHB Michael Lindstrom 0-0: Called Strike
0-1: Ball
1-1: Fly out, F9 (Flyball, 9S, EV 90.6 MPH)
Batting: SHB Alex Salazar 0-0: Called Strike
0-1: Ball
1-1: Called Strike
1-2: SOLO HOME RUN (Flyball, 7LD, EV 93.8 MPH), Distance : 352 ft
Batting: RHB Joe Fowler 0-0: Ball
1-0: Swinging Strike
1-1: Fly out, F9 (Flyball, 9S, EV 81.9 MPH)
Batting: SHB Tyler Den Hartog 0-0: Called Strike
0-1: Ball
1-1: Foul Ball, location: 9LDF
1-2: Fly out, F6 (Popup, 6M, EV 52.5 MPH)
Top of the 3rd over - 1 run, 1 hit, 0 errors, 0 left on base; Boston 1 - New York 0
BOTTOM OF THE 3RD
New York Mets batting - Pitching for Boston Red Sox : LHP Joe Carver
Batting: RHB Danny Butzlaff 0-0: Ball
1-0: Ground out 6-3 (Groundball, 6, EV 78.8 MPH)
Batting: LHB Tyler Brown 0-0: Ball
1-0: Ball
2-0: Foul Ball, location: 2F
2-1: Ball
3-1: Foul Ball, location: 5DF
3-2: Base on Balls
Batting: RHB Tim Kingsley 0-0: Called Strike
0-1: Called Strike
0-2: Ball
1-2: Strikes out swinging
Batting: RHB Jose de la Rosa 0-0: Called Strike
Pickoff Throw to First - Error! E1
Tyler Brown to second
0-1: Ground out U3 (Groundball, 34S, EV 70.0 MPH)
Bottom of the 3rd over - 0 runs, 0 hits, 1 error, 1 left on base; Boston 1 - New York 0
TOP OF THE 4TH
Boston Red Sox batting - Pitching for New York Mets : RHP Brian Craig
Batting: LHB Sergio Mejia 0-0: Ball
1-0: Called Strike
1-1: Ball
2-1: Ground out 4-3 (Groundball, 4, EV 83.8 MPH)
Batting: RHB Ed Pollock 0-0: Called Strike
0-1: SINGLE (Line Drive, 8LS, EV 90.6 MPH)
Batting: RHB Chris Rodriguez 0-0: Called Strike
Ed Pollock steals 2nd base
0-1: Swinging Strike
0-2: Foul Ball, location: 3F
0-2: Ball
1-2: Fly out, F8 (Line Drive, 8LM, EV 95.6 MPH)
Batting: RHB Nate Campbell 0-0: Called Strike
0-1: Ball
1-1: Reached on error, E4 (Groundball, 4M, EV 85.6 MPH)
Batting: LHB Chris Kautz 0-0: Ball
1-0: Ground out 4-3 (Groundball, 34, EV 78.1 MPH)
Top of the 4th over - 0 runs, 1 hit, 1 error, 2 left on base; Boston 1 - New York 0
BOTTOM OF THE 4TH
New York Mets batting - Pitching for Boston Red Sox : LHP Joe Carver
Batting: LHB Omar Gomez 0-0: Ball
1-0: Ball
2-0: Ground out 4-3 (Groundball, 4, EV 86.9 MPH)
Batting: RHB Jeff Hestermann 0-0: Called Strike
0-1: SINGLE (Groundball, 6MD, EV 106.3 MPH)
Batting: LHB Bill Hayden 0-0: Ball
1-0: Ball
2-0: SINGLE (Groundball, 4D, EV 96.3 MPH)
Jeff Hestermann to second
Batting: RHB Ryan Taylor 0-0: Ball
1-0: Fly out, F9 (Flyball, 9S, EV 89.4 MPH)
Batting: RHB Mitsuro Kishi 0-0: Called Strike
0-1: Called Strike
0-2: Ball
1-2: Ball
2-2: Foul Ball, location: 5F
2-2: Foul Ball, location: 23F
2-2: Ground out 4-3 (Groundball, 34D, EV 101.9 MPH)
Bottom of the 4th over - 0 runs, 2 hits, 0 errors, 2 left on base; Boston 1 - New York 0
TOP OF THE 5TH
Boston Red Sox batting - Pitching for New York Mets : RHP Brian Craig
Batting: LHB Michael Lindstrom 0-0: Ball
1-0: Ball
2-0: Foul Ball, location: 2F
2-1: Foul Ball, location: 5F
2-2: Ball
3-2: Foul Ball, location: 2F
3-2: Foul Ball, location: 7LMF
3-2: Foul Ball, location: 7LDF
3-2: Ground out U3 (Groundball, 3, EV 80.0 MPH)
Batting: SHB Alex Salazar 0-0: Called Strike
0-1: Swinging Strike
0-2: Strikes out swinging
Batting: RHB Joe Fowler 0-0: Fly out, F7 (Flyball, 7S, EV 82.5 MPH)
Top of the 5th over - 0 runs, 0 hits, 0 errors, 0 left on base; Boston 1 - New York 0
BOTTOM OF THE 5TH
New York Mets batting - Pitching for Boston Red Sox : LHP Joe Carver
Batting: RHB Danny Butzlaff 0-0: Called Strike
0-1: Ball
1-1: Foul Ball, location: 9LDF
1-2: DOUBLE (Flyball, 8RXD, EV 95.0 MPH)
Batting: LHB Tyler Brown 0-0: Foul Ball, location: 9LSF
0-1: Ball
1-1: Called Strike
1-2: Strikes out swinging
Batting: RHB Tim Kingsley 0-0: Ball
1-0: Called Strike
1-1: Foul Ball, location: 25FF
1-2: Ball
2-2: Ball
3-2: Base on Balls
Batting: RHB Jose de la Rosa 0-0: SINGLE (Line Drive, 78M, EV 105.0 MPH)
Danny Butzlaff to third
Tim Kingsley to second
Pinch Hitting: RHB Marty Krpan 0-0: Called Strike
0-1: Ball
1-1: SINGLE (Flyball, 6MD, EV 95.6 MPH)
Danny Butzlaff scores
Tim Kingsley to third
Jose de la Rosa to second
Batting: RHB Jeff Hestermann 0-0: Ball
1-0: Called Strike
1-1: Ball
2-1: Foul Ball, location: 9LMF
2-2: Fly out, F8 (Flyball, 89D, EV 100.0 MPH)
Runner from 3rd tags up, SCORES, throw by CF
Jose de la Rosa to third
Batting: LHB Bill Hayden 0-0: Called Strike
0-1: Ball
1-1: Fly out, F9 (Flyball, 89S, EV 83.8 MPH)
Bottom of the 5th over - 2 runs, 3 hits, 0 errors, 2 left on base; Boston 1 - New York 2
TOP OF THE 6TH
Boston Red Sox batting - Pitching for New York Mets : RHP Brian Craig
Now at 1B: Bill Hayden
Now in LF: David Thomas
Now in RF: Tyler Brown
Batting: SHB Tyler Den Hartog 0-0: Ball
1-0: Called Strike
1-1: Foul Ball, location: 7LMF
1-2: Strikes out looking
Batting: LHB Sergio Mejia 0-0: Called Strike
0-1: Ball
1-1: Ball
2-1: Foul Ball, location: 5DF
2-2: Ball
3-2: Foul Ball, location: 7LSF
3-2: Base on Balls
Batting: RHB Ed Pollock 0-0: Called Strike
0-1: Foul Ball, location: 3SF
0-2: Ball
1-2: Fly out, F8 (Flyball, 8RM, EV 90.0 MPH)
Batting: RHB Chris Rodriguez 0-0: Called Strike
0-1: Ball
1-1: Ball
2-1: Ball
3-1: Swinging Strike
3-2: Strikes out looking
Top of the 6th over - 0 runs, 0 hits, 0 errors, 1 left on base; Boston 1 - New York 2
BOTTOM OF THE 6TH
New York Mets batting - Pitching for Boston Red Sox : LHP Joe Carver
Batting: RHB Ryan Taylor 0-0: Ball
1-0: Called Strike
1-1: Ground out 5-3 (Groundball, 56, EV 81.9 MPH)
Batting: RHB Mitsuro Kishi 0-0: Called Strike
0-1: Foul Ball, location: 3SF
0-2: Ground out 6-3 (Groundball, 6, EV 88.1 MPH)
Batting: RHB Danny Butzlaff 0-0: Foul Ball, location: 2F
0-1: Fly out, F3 (Popup, 3F, EV 70.6 MPH)
Bottom of the 6th over - 0 runs, 0 hits, 0 errors, 0 left on base; Boston 1 - New York 2
TOP OF THE 7TH
Boston Red Sox batting - Pitching for New York Mets : RHP Brian Craig
Batting: RHB Nate Campbell 0-0: Called Strike
0-1: Foul Ball, location: 2F
0-2: Ground out 5-3 (Groundball, 56, EV 97.5 MPH)
Batting: LHB Chris Kautz 0-0: Called Strike
0-1: Ball
1-1: Called Strike
1-2: Strikes out swinging
Batting: LHB Michael Lindstrom 0-0: Ball
1-0: SINGLE (Line Drive, 7LM, EV 103.8 MPH)
Batting: SHB Alex Salazar 0-0: Ball
1-0: Ball
2-0: Foul Ball, location: 5F
2-1: Foul Ball, location: 2F
2-2: Strikes out looking
Top of the 7th over - 0 runs, 1 hit, 0 errors, 1 left on base; Boston 1 - New York 2
BOTTOM OF THE 7TH
New York Mets batting - Pitching for Boston Red Sox : LHP Joe Carver
Pitching: RHP Juan Cortez
Batting: LHB Tyler Brown 0-0: Ball
1-0: Swinging Strike
1-1: Ball
2-1: Fly out, F7 (Line Drive, 7, EV 103.1 MPH)
Batting: RHB Tim Kingsley 0-0: Ball
1-0: Ball
2-0: Called Strike
2-1: Foul Ball, location: 3F
2-2: Strikes out swinging
Batting: RHB Jose de la Rosa 0-0: Ball
1-0: Foul Ball, location: 2F
1-1: Swinging Strike
1-2: Fly out, F8 (Flyball, 8RXD, EV 85.6 MPH)
Bottom of the 7th over - 0 runs, 0 hits, 0 errors, 0 left on base; Boston 1 - New York 2
TOP OF THE 8TH
Boston Red Sox batting - Pitching for New York Mets : RHP Brian Craig
Pitching: RHP Francisco Flores
Batting: RHB Joe Fowler 0-0: Called Strike
0-1: Ground out 6-3 (Groundball, 6, EV 90.6 MPH)
Batting: SHB Tyler Den Hartog 0-0: Ball
1-0: Ball
2-0: Ball
3-0: Called Strike
3-1: Swinging Strike
3-2: Base on Balls
Batting: LHB Sergio Mejia 0-0: Called Strike
0-1: Foul Ball, location: 7LMF
0-2: Fly out, F8 (Flyball, 89M, EV 95.0 MPH)
Pinch Hitting: LHB Dan McCartney 0-0: Ball
1-0: Foul Ball, location: 7LDF
1-1: Called Strike
1-2: Strikes out looking
Top of the 8th over - 0 runs, 0 hits, 0 errors, 1 left on base; Boston 1 - New York 2
BOTTOM OF THE 8TH
New York Mets batting - Pitching for Boston Red Sox : RHP Juan Cortez
Now at 2B: Pieter Janssen
Now at SS: Nate Campbell
Batting: LHB David Thomas 0-0: Ball
1-0: Foul Ball, location: 9LSF
1-1: Foul Ball, location: 3F
1-2: Ball
2-2: Foul Ball, location: 2F
2-2: Fly out, F9 (Flyball, 9D, EV 106.3 MPH)
Pitching: LHP William Stuck
Batting: RHB Jeff Hestermann 0-0: Called Strike
0-1: Fly out, F4 (Popup, 3DF, EV 58.1 MPH)
Batting: LHB Bill Hayden 0-0: Called Strike
0-1: Ball
1-1: Ball
2-1: Foul Ball, location: 3F
2-2: Foul Ball, location: 7LMF
2-2: Fly out, F2 (Popup, 25F, EV 86.3 MPH)
Bottom of the 8th over - 0 runs, 0 hits, 0 errors, 0 left on base; Boston 1 - New York 2
TOP OF THE 9TH
Boston Red Sox batting - Pitching for New York Mets : RHP Francisco Flores
Pitching: RHP Zaire Shaw
Batting: RHB Chris Rodriguez 0-0: Ball
1-0: Ball
2-0: Foul Ball, location: 2F
2-1: Foul Ball, location: 2F
2-2: Ball
3-2: Ground out 5-3 (Groundball, 6S, EV 103.1 MPH)
Pinch Hitting: LHB Marquise Woods 0-0: Called Strike
0-1: Fly out, F5 (Popup, 56, EV 81.3 MPH)
Batting: LHB Chris Kautz 0-0: Foul Ball, location: 7LMF
0-1: Ball
1-1: Foul Ball, location: 23FF
1-2: Foul Ball, location: 2F
1-2: Strikes out looking
Top of the 9th over - 0 runs, 0 hits, 0 errors, 0 left on base; Boston 1 - New York 2
Friday, May 3rd , 2024 - OOTP Baseball 24.11 Build 85